 Dungeon Crawl Stone Soup version 0.18-b1-22-ge198996 (webtiles) character file.

4996 Peloso the Blocker (level 10, 0/88 HPs)
             Began as a Minotaur Fighter on May 4, 2016.
             Was a Believer of Okawaru.
             Killed from afar by golgol's ghost (23 damage)
             ... with a flame tongue
             ... on level 9 of the Dungeon.
             The game lasted 00:24:11 (7906 turns).

Peloso the Blocker (Minotaur Fighter)               Turns: 7906, Time: 00:24:12

Health: 0/88       AC: 18    Str: 27    XL:     10   Next: 29%
Magic:  9/9        EV:  9    Int:  5    God:    Okawaru [**....]
Gold:   398        SH: 13    Dex: 12    Spells: 0 memorised, 9 levels left

rFire  . . .     SeeInvis .     I - +1 falchion (slice)
rCold  . . .     Gourm    +     F - +0 plate armour
rNeg   . . .     Faith    .     c - +0 shield
rPois  .         Spirit   .     (helmet restricted)
rElec  .         Dismiss  .     y - +0 cloak
rCorr  .         Reflect  .     p - +0 pair of gloves
SustAt .         Harm     .     D - +0 pair of boots
MR     .....                    E - amulet of the gourmand
Stlth  ..........               (no ring)
                                z - ring of wizardry

@: mighty, not resistant to hostile enchantments, extremely unstealthy
A: retaliatory headbutt, horns 2
a: Heroism, Renounce Religion


You were on level 9 of the Dungeon.
You worshipped Okawaru.
Okawaru was pleased with you.
You were completely stuffed.

You visited 2 branches of the dungeon, and saw 10 of its levels.

You collected 398 gold pieces.

Inventory:

Hand Weapons
 a - a +0 long sword
 s - a -1 short sword of venom
 x - a +4 war axe
 B - a +1 mace of holy wrath
 C - a cursed -2 mace
 I - a +1 falchion of slicing (weapon)
 M - a +1 glaive of venom
Armour
 c - a +0 shield (worn)
 p - a +0 pair of gloves (worn)
 u - a +0 chain mail
 y - a +0 cloak (worn)
 D - a +0 pair of boots (worn)
 F - a +0 plate armour (worn)
Jewellery
 e - an uncursed ring of wizardry
 k - an uncursed ring of see invisible
 w - an uncursed amulet of guardian spirit
 z - a ring of wizardry (left hand)
 E - an amulet of the gourmand (around neck)
Wands
 K - a wand of disintegration (11/24)
 P - a wand of slowing (30/48)
Scrolls
 g - a scroll of identify
 l - a scroll of magic mapping
 n - 5 scrolls of remove curse
Potions
 d - 2 potions of might
 h - a potion of magic
 m - a potion of heal wounds
 o - 2 potions of invisibility
 q - 10 potions of curing
 t - a potion of cure mutation {unknown}
 v - 2 potions of haste {unknown}
 H - a potion of agility {unknown}
 J - a potion of flight {unknown}
Books
 b - a book of Geomancy

   Spells                             Type                      Level
   a - Sandblast                      Earth                        1
   b - Passwall                       Transmutation/Earth          2
   c - Stone Arrow                    Conjuration/Earth            3
   d - Petrify                        Transmutation/Earth          4
   e - Lee's Rapid Deconstruction     Earth                        5
 j - a book of Beasts

   Spells                             Type                      Level
   a - Summon Butterflies             Summoning                    1
   b - Call Canine Familiar           Summoning                    3
   c - Summon Ice Beast               Ice/Summoning                4
   d - Summon Mana Viper              Hexes/Summoning              5
   e - Summon Hydra                   Summoning                    7
 O - a book of Necromancy

   Spells                             Type                      Level
   a - Pain                           Necromancy                   1
   b - Animate Skeleton               Necromancy                   1
   c - Vampiric Draining              Necromancy                   3
   d - Regeneration                   Charms/Necromancy            3
   e - Animate Dead                   Necromancy                   4
   f - Control Undead                 Necromancy                   4
Comestibles
 f - 5 bread rations
 i - 5 meat rations
 r - a royal jelly
 A - 8 slices of pizza
 G - 3 fruits
 L - 2 chunks of flesh
 N - 2 beef jerkies


   Skills:
 + Level 7.8 Fighting
 + Level 8.5 Long Blades
 + Level 9.2 Armour
 + Level 5.5 Dodging
 + Level 0.5 Stealth
 + Level 10.8 Shields


You had 9 spell levels left.
You didn't know any spells.

Dungeon Overview and Level Annotations

Branches:
Dungeon (9/15)             Temple (1/1) D:7
   Lair: D:8-11         Orc: D:9-12

Altars:
Cheibriados
Dithmenos
Elyvilon
Gozag
Kikubaaqudgha
Makhleb
Nemelex Xobeh
Okawaru
Pakellas
Qazlal
Ru
Sif Muna
Trog
Vehumet
Xom
Yredelemnul
Zin

Shops:
D:4 !:?*   D:6 [

Annotations:
D:9 golgol's ghost, journeyman HOFE


Innate Abilities, Weirdness & Mutations

You reflexively headbutt those who attack you in melee.
You have a pair of horns on your head.


Message History

You headbutt golgol's ghost!
Golgol's ghost is almost destroyed.
Golgol's ghost casts a spell at you. You block the flame tongue.
You miss golgol's ghost.
Golgol's ghost is almost destroyed.
Golgol's ghost closely misses you. You furiously retaliate!
You headbutt golgol's ghost, but do no damage.
You closely miss golgol's ghost. Your headbutt misses golgol's ghost.
Golgol's ghost is almost destroyed.
Some of the chunks of flesh in your inventory have rotted away.
You closely miss golgol's ghost.
Golgol's ghost is almost destroyed.
Golgol's ghost hits you! Golgol's ghost burns you.
* * * LOW HITPOINT WARNING * * *
You barely miss golgol's ghost. Your headbutt misses golgol's ghost.
Golgol's ghost is almost destroyed.
Golgol's ghost gestures at you while chanting.
The flame tongue hits you!
You die...

#....# #......... #....#
#......... #....# #....(....
#....####.........
#.................
#.................
#.................
#.................
#.......@.........
#......W..........
#.................
#.......................
###........................
............................
............................
............................
............................


You could see golgol's ghost.

Vanquished Creatures
  A two-headed ogre (D:9)
  Grinder (D:5)
  Eustachio (D:6)
  A human (D:8)
  A yak (D:8)
  2 hogs
  A hippogriff (D:7)
  2 ice beasts
  4 orc warriors
  A sky beast (D:5)
  A phantom (D:6)
  5 ogres
  2 centaurs
  A giant frog (D:7)
  Blork the orc (D:5)
  A gnoll sergeant (D:7)
  5 scorpions
  3 killer bees (D:7)
  The ghost of GFox the Magician, a weakling DsWz (D:3)
  5 howler monkeys
  2 centaur zombies
  2 crimson imps
  A quasit (D:5)
  A giant frog zombie (D:4)
  2 jellies
  2 centaur skeletons
  5 orc priests
  2 gnoll shamans
  5 hounds
  2 giant frog skeletons
  Crazy Yiuf (D:4)
  An iguana (D:5)
  13 orc wizards
  A sheep (D:7)
  A hound skeleton (D:3)
  A howler monkey zombie (D:5)
  17 gnolls
  16 adders
  A shadow imp (D:6)
  An ooze (D:5)
  A worm (D:2)
  An adder skeleton (D:5)
  An adder zombie (D:8)
  4 dart slugs
  3 giant geckos
  45 orcs
  10 bats
  4 giant cockroaches
  8 hobgoblins
  7 jackals
  7 kobolds
  4 quokkas
  4 ball pythons
  5 giant newts
  7 goblins
  9 rats
237 creatures vanquished.

Vanquished Creatures (others)
  A fulminant prism (D:9)
  4 fungi (D:5)
5 creatures vanquished.

Grand Total: 242 creatures vanquished

Notes
Turn   | Place    | Note
--------------------------------------------------------------
     0 | D:1      | Peloso the Minotaur Fighter began the quest for the Orb.
     0 | D:1      | Reached XP level 1. HP: 19/19 MP: 0/0
   260 | D:1      | Reached XP level 2. HP: 27/27 MP: 1/1
   623 | D:1      | Reached XP level 3. HP: 31/33 MP: 2/2
   668 | D:1      | Reached skill level 4 in Shields
   855 | D:2      | Reached skill level 1 in Dodging
   933 | D:2      | Reached XP level 4. HP: 23/40 MP: 3/3
  1344 | D:2      | Found a stormy altar of Qazlal.
  2026 | D:3      | Reached XP level 5. HP: 47/47 MP: 4/4
  2282 | D:3      | Noticed GFox's ghost (weakling DsWz)
  2301 | D:3      | Killed GFox's ghost
  2353 | D:3      | Reached skill level 5 in Shields
  2560 | D:3      | Reached skill level 5 in Armour
  2831 | D:4      | Reached XP level 6. HP: 55/55 MP: 5/5
  2882 | D:4      | Reached skill level 5 in Fighting
  3122 | D:4      | Found Rixt's Assorted Antiques.
  3227 | D:4      | Found an ancient bone altar of Kikubaaqudgha.
  3238 | D:4      | Reached XP level 7. HP: 54/61 MP: 6/6
  3240 | D:4      | Found Gyaruad's Magic Scroll Emporium.
  3264 | D:4      | Found Vohor's Distillery.
  3298 | D:4      | Found Xahoag's Book Boutique.
  3573 | D:4      | Noticed Crazy Yiuf
  3579 | D:4      | Killed Crazy Yiuf
  3579 | D:4      | Reached skill level 6 in Shields
  3747 | D:5      | Entered Level 5 of the Dungeon
  3781 | D:5      | Noticed Grinder
  3789 | D:5      | Paralysed by Grinder for 5 turns
  3803 | D:5      | Killed Grinder
  3803 | D:5      | Reached skill level 5 in Long Blades
  3841 | D:5      | You fall through a shaft!
  3857 | D:6      | Reached XP level 8. HP: 61/70 MP: 5/7
  3872 | D:6      | Noticed Eustachio
  3891 | D:6      | Noticed Blork the orc
  4066 | D:5      | Reached skill level 7 in Shields
  4858 | D:5      | Reached skill level 8 in Shields
  4938 | D:5      | Killed Blork the orc
  5137 | D:5      | Reached XP level 9. HP: 60/78 MP: 8/8
  5321 | D:6      | Reached skill level 5 in Dodging
  5372 | D:6      | Found Ziokhloips's Armour Emporium.
  5511 | D:6      | Reached skill level 9 in Shields
  5563 | D:6      | Killed Eustachio
  5776 | D:6      | Found a glowing silver altar of Zin.
  6271 | D:7      | Found a staircase to the Ecumenical Temple.
  6419 | Temple   | Entered the Ecumenical Temple
  6436 | Temple   | Became a worshipper of Warmaster Okawaru
  6498 | D:8      | Found a basalt altar of Yredelemnul.
  6562 | D:8      | Found a sparkling altar of Nemelex Xobeh.
  6564 | D:8      | Found a stormy altar of Qazlal.
  6564 | D:8      | Found a snail-covered altar of Cheibriados.
  6564 | D:8      | Found an oddly glowing altar of Pakellas.
  6597 | D:8      | Reached skill level 10 in Shields
  6738 | D:7      | Reached * piety under Okawaru
  6857 | D:7      | Reached XP level 10. HP: 40/86 MP: 9/9
  7480 | D:8      | Found a white marble altar of Elyvilon.
  7684 | D:9      | Noticed golgol's ghost (journeyman HOFE)
  7687 | D:9      | Reached ** piety under Okawaru
  7906 | D:9      | Killed from afar by golgol's ghost

Skill      XL: |  1  2  3  4  5  6  7  8  9 10 |
---------------+-------------------------------+-----
Fighting       | 4 5 6 7 |  7.8
Shields        | 4 5 6 8 10 | 10.8
Armour         | 4 5 6 7 8 9 |  9.2
Dodging        | 1 2 3 4 5 |  5.5
Long Blades    | 3 4 5 6 8 |  8.5
Stealth        | |  0.5

Action                   |  1- 3 |  4- 6 |  7- 9 | 10-12 || total
-------------------------+-------+-------+-------+-------++-------
Melee: Long sword        |    84 |   197 |   398 |       ||   679
       Headbutt          |    13 |    36 |    99 |    36 ||   184
       Falchion          |       |       |    78 |   145 ||   223
Invok: Heroism           |       |       |       |     1 ||     1
  Use: Scroll            |       |     5 |     6 |       ||    11
       Potion            |       |       |     3 |     1 ||     4
  Eat: Chunk             |       |     8 |    21 |     4 ||    33
Armor: Scale mail        |    34 |    15 |       |       ||    49
       Chain mail        |       |    72 |   168 |       ||   240
       Plate armour      |       |       |   158 |    42 ||   200
Dodge: Dodged            |    35 |    54 |   178 |    23 ||   290
Block: Shield            |    46 |    99 |   397 |    66 ||   608
